 Dungeon Crawl Stone Soup version 0.26-a0-712-ga5a9c9c9d0 (webtiles) character file.

Game seed: 7638088704067224094

80763 banebu the Fencer (level 15, -21/139 HPs)
             Began as a Minotaur Berserker on Nov 1, 2020.
             Was the Champion of Trog.
             Demolished by an orc knight
             ... wielding a +0 dire flail
              (24 damage)
             ... on level 2 of the Orcish Mines.
             The game lasted 01:53:40 (16777 turns).

banebu the Fencer (Minotaur Berserker)             Turns: 16777, Time: 01:53:43

Health: -21/139    AC: 28    Str: 33    XL:     15   Next: 24%
Magic:  14/14      EV: 17    Int:  4    God:    Trog [******]
Gold:   2827       SH:  0    Dex: 17    Spells: 14/14 levels left

rFire    + . .     SeeInvis .   b - +6 great sword (flame)
rCold    . . .     Faith    .   (shield currently unavailable)
rNeg     . . .     Spirit   .   J - +4 plate armour {rF+}
rPois    .         Reflect  .   V - +0 hat
rElec    .         Harm     .   e - +1 cloak
rCorr    .         Rampage  .   A - +0 pair of gloves
MR       +....                  Y - +2 pair of boots
Stlth    ..........             z - amulet of regeneration
HPRegen  0.73/turn              u - +6 ring of strength
MPRegen  0.14/turn              q - +6 ring of dexterity

@: berserk cooldown, slowed, studying Shields, very slow
A: retaliatory headbutt, horns 2
a: Berserk, Trog's Hand, Brothers in Arms, Renounce Religion


You were on level 2 of the Orcish Mines.
You worshipped Trog.
Trog was exalted by your worship.
You visited 4 branches of the dungeon, and saw 21 of its levels.
You also visited: Sewer and Volcano.

You collected 3007 gold pieces.
You spent 180 gold pieces at shops.

Inventory:

Hand Weapons
 b - a +6 great sword of flaming (weapon)
 E - a +5 great sword of draining
 W - a +8 antimagic scimitar
 X - the +8 storm bow {elec, penet}
   (You found it on level 2 of the Lair of Beasts)

   It charges the ammunition it shoots with electricity; occasionally upon a
   hit, such missiles may discharge and cause terrible harm.
   Ammo fired by it will pass through the targets it hits, potentially hitting
   all targets in its path until it reaches maximum range.
Missiles
 m - 412 arrows
 n - 6 silver boomerangs
 r - 16 javelins (quivered)
Armour
 e - a +1 cloak (worn)
 p - a +4 plate armour
 A - a +0 pair of gloves (worn)
 J - a +4 plate armour of fire resistance (worn)
 M - a +0 kite shield
 V - a +0 hat (worn)
 Y - a +2 pair of boots (worn)
Jewellery
 q - a +6 ring of dexterity (right hand)
 u - a +6 ring of strength (left hand)
 y - an uncursed amulet of faith
 z - an amulet of regeneration (around neck)
 Q - an uncursed ring of fire
 S - an uncursed ring of ice
Wands
 i - a wand of flame (22)
 B - a wand of disintegration (23)
 G - a wand of iceblast (12)
 K - a wand of paralysis (10)
 R - a wand of polymorph (18)
 T - a wand of enslavement (7)
Scrolls
 f - 2 scrolls of enchant weapon
 g - 7 scrolls of remove curse
 o - 6 scrolls of immolation
 v - 2 scrolls of teleportation
 D - 7 scrolls of fog
 I - 3 scrolls of fear
 O - a scroll of holy word
 Z - a scroll of magic mapping
Potions
 a - 2 potions of resistance
 c - 2 potions of invisibility
 d - 4 potions of might
 k - 8 potions of curing
 l - 4 potions of berserk rage
 s - 2 potions of magic
 t - 4 potions of lignification
 w - 4 potions of stabbing
 C - 2 potions of ambrosia
 F - 2 potions of haste
 N - 3 potions of flight
 U - a potion of cancellation
Books
 H - a manual of Shields


   Skills:
 + Level 14.6 Fighting
 * Level 19.4 Long Blades
 - Level 1.1 Bows
 + Level 14.3 Armour
 + Level 13.4 Dodging


You had 14 spell levels left.
You didn't know any spells.
Your spell library was empty.

Dungeon Overview and Level Annotations

Branches:
Dungeon (12/15)            Temple (1/1) D:7            Lair (6/6) D:10
  Swamp (0/4) Lair:2        Snake (0/4) Lair:4        Slime (0/5) Lair:6
    Orc (2/2) D:12            Elf (0/3) Orc:2         Sewer (visited)
Volcano (visited)

Altars:
Ashenzari
Cheibriados
Dithmenos
Elyvilon
Fedhas
Gozag
Hepliaklqana
Kikubaaqudgha
Makhleb
Nemelex Xobeh
Okawaru
Qazlal
Ru
Sif Muna
Trog
Uskayaw
Vehumet
Wu Jian
Xom
Yredelemnul
Zin
The Shining One
Jiyva

Shops:
D:9 (   Orc:1 *[(   Orc:2 ***


Innate Abilities, Weirdness & Mutations

You reflexively headbutt those who attack you in melee.
You have a pair of horns on your head.


Message History

The orc knight roars a battlecry!
The orc sorcerer goes into a battle-frenzy!
You can move again.
Things that are here:
a +0 glaive; a +0 plate armour
Okay, then.
You feel much better. The sixfirhy hits you.
* * * LOW HITPOINT WARNING * * *
The sixfirhy shocks you!
* * * LOW HITPOINT WARNING * * *
The sixfirhy barely misses you. You furiously retaliate!
You headbutt the sixfirhy. The orc warrior barely misses you.
You furiously retaliate!
You headbutt the orc warrior, but do no damage.
The orc sorcerer gestures at you while chanting.
You shrug off the repeated paralysis!
An orc priest comes into view. It is wielding a +0 mace.
The sixfirhy hits you but does no damage.
The orc knight hits you with a +0 dire flail!!
You die...

..###...##
##[..###.^##).......
.###...##
##...###..†).......
###...#
##...###.)))......
##.#.#
##.#.###.........
...#
##...###........
##)#.## .........
##)).## .........
##oo.## .........
#o@.## ..........
#.3o## oo...##
#..o#.# .....# #. .#
# .# ##


You could see 2 orc knights, a sixfirhy, 2 orc sorcerers, an orc warrior
(strong) and 2 orc priests.

Vanquished Creatures
  Gastronok (Lair:2)
  An orc warlord (Orc:1)
  A dire elephant (Lair:6)
  A fire dragon (Lair:6)
  Josephine (Lair:4)
  8 hydras
  2 catoblepae (Lair:6)
  A centaur warrior (Volcano)
  2 two-headed ogres (D:9)
  15 death yaks
  A sun demon (Orc:2)
  A sixfirhy (Orc:2)
  A hell knight (Volcano)
  A swamp dragon (Lair:6)
  3 orc knights (Orc:2)
  2 lindwurms (Lair:6)
  4 oklob plants (Lair:3)
  2 manticores (Lair:6)
  2 cyclopes
  A wolf spider (Lair:6)
  2 black mambas
  An orc sorcerer (Orc:1)
  18 elephants
  A guardian serpent (Lair:4)
  Psyche (D:9)
  A gargoyle (D:11)
  2 torpor snails
  Maggie (D:6)
  13 cane toads
  2 yaktaurs (Volcano)
  5 rime drakes (Lair:6)
  12 komodo dragons
  A red devil (Orc:2)
  4 trolls
  3 polar bears
  Prince Ribbit (D:6)
  12 blink frogs
  A slime creature (D:7)
  Sigmund (D:2)
  4 wraiths
  2 spriggans (Lair:5)
  2 ynoxinuls (Orc:2)
  5 wyverns
  7 fire bats (Volcano)
  52 yaks
  6 basilisks
  Eustachio (D:6)
  10 wargs
  3 steam dragons (Lair:6)
  A soldier ant (D:10)
  15 water moccasins
  2 swamp drakes
  Purgy (Sewer)
  37 orc warriors
  5 black bears
  2 ice beasts
  2 sky beasts (D:6)
  10 ogres
  An eye of draining (D:12)
  31 wolves
  8 centaurs
  15 bullfrogs
  2 big kobolds
  A wyvern zombie (D:11)
  5 scorpions
  14 wights
  4 killer bees (D:9)
  A howler monkey (D:7)
  8 lava snakes (Volcano)
  A quasit (D:10)
  2 hounds
  24 orc priests
  2 centaur skeletons
  13 jellies
  Terence (D:2)
  9 iguanas
  Natasha (D:2)
  19 orc wizards
  6 worker ants
  A statue (D:7)
  A killer bee zombie (D:7)
  A worker ant zombie (D:8)
  23 adders
  A shadow imp (D:7)
  3 white imps
  An ufetubus (D:7)
  11 oozes (D:7)
  An adder zombie (D:7)
  6 worms
  2 dart slugs
  6 leopard geckos
  92 orcs
  5 giant cockroaches
  5 goblins
  4 hobgoblins
  14 jackals
  16 kobolds
  3 quokkas
  8 bats
  5 frilled lizards
  A giant cockroach zombie (D:5)
  A quokka skeleton (D:10)
  A quokka zombie (D:5)
  6 rats
686 creatures vanquished.

Vanquished Creatures (collateral kills)
  An orc high priest (Orc:1)
  A rime drake (Lair:6)
  An orc warrior (Orc:1)
  An ogre (Orc:1)
  An orc priest (Orc:1)
  An orc (Orc:1)
6 creatures vanquished.

Vanquished Creatures (others)
  A bullfrog (D:12)
  An iguana (Lair:6)
  36 fungi
  45 plants
83 creatures vanquished.

Grand Total: 775 creatures vanquished

Notes
Turn   | Place    | Note
-------+----------+-------------------------------------------
     0 | D:1      | banebu the Minotaur Berserker began the quest for the Orb.
     0 | D:1      | Reached XP level 1. HP: 19/19 MP: 0/0
   391 | D:1      | Reached skill level 4 in Long Blades
   391 | D:1      | Reached XP level 2. HP: 27/27 MP: 1/1
   883 | D:2      | Noticed Terence
   894 | D:2      | Killed Terence
   894 | D:2      | Reached XP level 3. HP: 33/33 MP: 2/2
  1052 | D:2      | Reached XP level 4. HP: 17/40 MP: 3/3
  1069 | D:2      | HP: 2/40 [poisoned by an adder]
  1077 | D:2      | HP: 1/40 [poisoned by an adder]
  1475 | D:2      | Reached ** piety under Trog
  1515 | D:2      | Found a sparkling altar of Nemelex Xobeh.
  1526 | D:2      | Reached skill level 5 in Long Blades
  1562 | D:2      | Noticed Natasha
  1571 | D:2      | Killed Natasha
  1645 | D:2      | Reached XP level 5. HP: 42/47 MP: 4/4
  1797 | D:2      | Noticed Sigmund
  1798 | D:2      | Found a glowing golden altar of the Shining One.
  1825 | D:2      | Killed Sigmund
  1825 | D:2      | Reached skill level 5 in Fighting
  1825 | D:2      | Reached skill level 6 in Long Blades
  1825 | D:2      | Reached XP level 6. HP: 50/56 MP: 5/5
  2314 | D:3      | Found a shimmering blue altar of Sif Muna.
  2477 | D:4      | Found a sacrificial altar of Ru.
  2622 | D:4      | Reached *** piety under Trog
  2665 | D:4      | Found a glowing drain.
  2672 | Sewer    | Entered a sewer
  2684 | Sewer    | Noticed Purgy
  2690 | Sewer    | Killed Purgy
  2690 | Sewer    | Reached XP level 7. HP: 42/61 MP: 6/6
  2998 | D:4      | Reached skill level 7 in Long Blades
  3083 | D:4      | Found a basalt altar of Yredelemnul.
  3086 | D:4      | Found a burning altar of Makhleb.
  3368 | D:5      | Entered Level 5 of the Dungeon
  3547 | D:5      | Found a basalt altar of Yredelemnul.
  3696 | D:5      | Reached skill level 5 in Armour
  3795 | D:5      | Found a white marble altar of Elyvilon.
  3809 | D:5      | Found a blossoming altar of Fedhas.
  4107 | D:6      | Reached skill level 8 in Long Blades
  4107 | D:6      | Reached skill level 5 in Dodging
  4107 | D:6      | Reached XP level 8. HP: 65/70 MP: 7/7
  4270 | D:6      | Noticed Prince Ribbit
  4273 | D:6      | Noticed Eustachio
  4287 | D:6      | Killed Eustachio
  4287 | D:6      | Reached **** piety under Trog
  4287 | D:6      | Reached skill level 9 in Long Blades
  4358 | D:6      | Noticed Maggie
  4368 | D:6      | Killed Maggie
  4368 | D:6      | Reached XP level 9. HP: 67/79 MP: 8/8
  4392 | D:6      | Found a shadowy altar of Dithmenos.
  4435 | D:6      | Reached skill level 10 in Long Blades
  4466 | D:6      | Killed Prince Ribbit
  5064 | D:7      | Reached ***** piety under Trog
  5194 | D:7      | Found a radiant altar of Vehumet.
  5297 | D:7      | Reached skill level 11 in Long Blades
  5360 | D:7      | Found a staircase to the Ecumenical Temple.
  5375 | Temple   | Entered the Ecumenical Temple
  5895 | D:8      | Reached XP level 10. HP: 90/90 MP: 9/9
  6475 | D:8      | Found a hide-covered altar of Uskayaw.
  6990 | D:9      | Found Ocriuciap's Weapon Shoppe.
  7159 | D:9      | Received a gift from Trog
  7176 | D:9      | Noticed a two-headed ogre
  7180 | D:9      | Killed a two-headed ogre
  7180 | D:9      | Reached skill level 12 in Long Blades
  7217 | D:9      | Found a bloodstained altar of Trog.
  7239 | D:9      | Noticed a two-headed ogre
  7250 | D:9      | Killed a two-headed ogre
  7291 | D:9      | Noticed Psyche
  7299 | D:9      | Killed Psyche
  7492 | D:10     | Entered Level 10 of the Dungeon
  7797 | D:10     | Reached skill level 13 in Long Blades
  7797 | D:10     | Reached XP level 11. HP: 97/99 MP: 10/10
  7843 | D:10     | Found a staircase to the Lair.
  8304 | Lair:1   | Entered Level 1 of the Lair of Beasts
  8449 | Lair:1   | Reached skill level 10 in Fighting
  8487 | Lair:1   | Noticed a seven-headed hydra
  8575 | Lair:1   | Killed an 11-headed hydra
  9188 | Lair:2   | Reached skill level 10 in Armour
  9222 | Lair:2   | Noticed Gastronok
  9246 | Lair:2   | Killed Gastronok
  9246 | Lair:2   | Reached skill level 14 in Long Blades
  9294 | Lair:2   | Found a staircase to the Swamp.
  9342 | Lair:2   | Found a bloodstained altar of Trog.
  9343 | Lair:2   | Found the +8 storm bow {elec, penet}
  9767 | Lair:3   | Reached XP level 12. HP: 110/110 MP: 11/11
  9767 | Lair:3   | Reached ****** piety under Trog
  9770 | Lair:3   | Reached skill level 10 in Dodging
  9785 | Lair:3   | Noticed a death yak
  9805 | Lair:3   | Received a gift from Trog
  9814 | Lair:3   | Reached skill level 15 in Long Blades
 10340 | Lair:3   | Killed a death yak
 10363 | Lair:3   | Noticed a six-headed hydra
 10370 | Lair:3   | Killed a nine-headed hydra
 10960 | Lair:4   | Noticed a four-headed hydra
 10967 | Lair:3   | Killed a six-headed hydra
 10974 | Lair:4   | Found a staircase to the Snake Pit.
 11010 | Lair:4   | Noticed Josephine
 11015 | Lair:4   | Reached skill level 16 in Long Blades
 11035 | Lair:4   | Killed Josephine
 11037 | Lair:4   | Reached XP level 13. HP: 116/118 MP: 12/12
 11465 | Lair:4   | Found a broken altar of Ashenzari.
 12084 | Lair:5   | Reached skill level 17 in Long Blades
 12566 | Lair:6   | Entered Level 6 of the Lair of Beasts
 12571 | Lair:6   | Received a gift from Trog
 12757 | Lair:6   | Reached XP level 14. HP: 88/129 MP: 13/13
 12776 | Lair:6   | Found a viscous altar of Jiyva.
 12777 | Lair:6   | Found a staircase to the Slime Pits.
 12922 | Lair:6   | Reached skill level 18 in Long Blades
 13473 | Lair:6   | Received a gift from Trog
 14890 | D:12     | Found a staircase to the Orcish Mines.
 15207 | Orc:1    | Entered Level 1 of the Orcish Mines
 15225 | Orc:1    | Noticed an orc warlord
 15244 | Orc:1    | Killed an orc warlord
 15244 | Orc:1    | Reached skill level 19 in Long Blades
 15251 | Orc:1    | Received a gift from Trog
 15371 | Orc:1    | Paralysed by an orc sorcerer for 3 turns
 15442 | Orc:1    | Found Uwkurib's Assorted Antiques.
 15445 | Orc:1    | Found Runomuco's Armour Shop.
 15534 | Orc:1    | Found Duhu's Weapon Shop.
 15812 | Orc:2    | Entered Level 2 of the Orcish Mines
 15861 | Orc:2    | Reached XP level 15. HP: 96/139 MP: 14/14
 15886 | Orc:2    | Found a staircase to the Elven Halls.
 15921 | Orc:2    | Found Langeukhi's General Store.
 15925 | Orc:2    | Found Viezil's General Store.
 16000 | Orc:2    | Found Osoor's General Store.
 16032 | Orc:2    | Found a dark tunnel.
 16045 | Volcano  | Entered a volcano
 16205 | Volcano  | Reached skill level 1 in Bows
 16214 | Volcano  | Found a burning altar of Makhleb.
 16226 | Volcano  | Received a gift from Trog
 16366 | Volcano  | Found a bloodstained altar of Trog.
 16735 | Orc:2    | Bought a scroll of enchant weapon for 90 gold pieces
 16737 | Orc:2    | Bought a scroll of enchant weapon for 90 gold pieces
 16772 | Orc:2    | Paralysed by an orc sorcerer for 4 turns
 16776 | Orc:2    | HP: 1/139 [orc knight/+0 long sword (12)]
 16777 | Orc:2    | Demolished by an orc knight

Illustrated notes

Levels and vault maps discovered:
D:1:      erik_arrival_blinker_ship, layout_basic
D:2:      layout_rooms, nemelex_xobeh_ov_fountains_minmay, lemuel_round_altar,
          minmay_lizard_king, uniq_terence, uniq_natasha, uniq_sigmund
D:3:      layout_loops_cross, overflow_temple_1_default, minmay_misc_feat_doors,
          hex_large
D:4:      layout_rooms, grunt_temple_overflow_open, lightli_sewer_entry_pipes,
          st_stairs_3
D:5:      layout_basic, nicolae_overflow_crystal_walls, kennysheep_mini_moat,
          basic_altar
D:6:      layout_loops_ring, lemuel_doored_altar, due_unseen_surprise,
          uniq_maggie, uniq_eustachio, uniq_prince_ribbit1
D:7:      lemuel_slime, layout_loops_ring, vehumet_statue,
          minmay_temple_entry_overgrown, minmay_crystal_room, minmay_manual_mail
D:8:      layout_layer_cave, basic_altar
D:9:      layout_roguey, serial_shops, shop, minmay_misc_feat_alley,
          bloody_trog, uniq_psyche
D:10:     layout_loops_ring, grunt_lair_entry_orc_guard_hut, grunt_ministairs_5
D:11:     layout_roguey, solitary_fountain
D:12:     layout_big_octagon, minmay_orc_entry_guard_dogs
Temple:   nicolae_temple_hex_pool
Lair:1:   layout_roguey, grunt_megastairs_5
Lair:2:   layout_hall_layers, minmay_swamp_entry_reptiles, basic_altar,
          uniq_gastronok
Lair:3:   layout_cave_shapes, grunt_forest_large_clearings,
          minmay_lair_oklob_chamber
Lair:4:   layout_gridlike, minmay_snake_entry_spellcaster, basic_altar,
          minivault_25, grunt_megastairs_4, uniq_josephine
Lair:5:   layout_roguey, forest_entry_grove
Lair:6:   hangedman_lair_in_review, layout_gridlike, guppyfry_lair_end_dragon,
          slime_altar_1
Orc:1:    layout_caves, serial_shops, shop, shop, shop,
          nicolae_shop_temple_entry_statues_fountains, nicolae_shop_trees
Orc:2:    pf_orc_diabolical, layout_diamond_mine, enter_volcano_2,
          biasface_ghost_orc_armoury, serial_shops, nicolae_shop_trees

Skill      XL: |  1  2  3  4  5  6  7  8  9 10 11 12 13 14 15 |
---------------+----------------------------------------------+-----
Long Blades    | 4 5 6 8 9 11 13 14 16 17 19 | 19.4
Fighting       | 4 5 6 7 8 9 11 12 13 14 | 14.6
Armour         | 3 4 5 6 8 9 10 11 13 14 | 14.3
Dodging        | 3 4 5 6 7 8 9 11 12 13 | 13.4
Bows           | 1 |  1.1

Action                   |  1- 3 |  4- 6 |  7- 9 | 10-12 | 13-15 || total
-------------------------+-------+-------+-------+-------+-------++-------
Melee: Falchion          |    52 |   142 |    61 |       |       ||   255
       Headbutt          |    10 |    34 |    62 |   116 |   224 ||   446
       Great sword       |       |       |   148 |   306 |   593 ||  1047
       Scimitar          |       |       |       |       |    10 ||    10
 Fire: Shortbow          |       |       |       |     2 |       ||     2
       Longbow           |       |       |       |    22 |    13 ||    35
Invok: Berserk           |     1 |     1 |     3 |     8 |    15 ||    28
       Brothers in Arms  |       |       |       |       |     2 ||     2
Evoke: Wand              |       |       |     3 |       |       ||     3
  Use: Scroll            |     4 |     2 |    13 |    11 |    11 ||    41
       Potion            |       |       |       |       |     3 ||     3
 Stab: Petrified         |       |       |       |       |     3 ||     3
       Distracted        |       |       |       |       |     1 ||     1
Armor: Leather armour    |     1 |       |       |       |       ||     1
       Animal skin       |     1 |       |       |       |       ||     1
       Ring mail         |    24 |     4 |       |       |       ||    28
       Plate armour      |       |    85 |   109 |   186 |   332 ||   712
Dodge: Dodged            |    32 |    61 |   124 |   260 |   493 ||   970
       Rpst.: Falchion   |    10 |    19 |     6 |       |       ||    35
       Great sword       |       |       |    23 |    70 |   110 ||   203
       Scimitar          |       |       |       |       |     2 ||     2

Table legend: (Time is in decaauts)
 A = Elapsed time spent in this place.
 B = Non-inter-level travel time spent in this place.
 C = Inter-level travel time spent in this place.
 D = Time resting spent in this place.
 E = Time spent auto-exploring this place.
 F = Levels seen in this place.
 G = Mean time per level.
                   A        B        C        D        E       F      G
               +--------+--------+--------+--------+--------+-----+--------+
         Total |  17001 |  16458 |    543 |      0 |   5311 |  23 |  739.2 |
       Dungeon |   9400 |   9062 |    338 |      0 |   2873 |  12 |  783.3 |
        Temple |    105 |     87 |     18 |      0 |     85 |   1 |  105.0 |
          Lair |   5799 |   5612 |    187 |      0 |   1976 |   6 |  966.5 |
  Orcish Mines |   1166 |   1166 |      0 |      0 |    329 |   2 |  583.0 |
         Sewer |    143 |    143 |      0 |      0 |      0 |   1 |  143.0 |
       Volcano |    386 |    386 |      0 |      0 |     48 |   1 |  386.0 |
               +--------+--------+--------+--------+--------+-----+--------+

Top non-repeatable levels by time:
  Lair:6: 1328 daAuts
  Lair:3: 1252 daAuts
     D:2: 1071 daAuts
     D:8: 1070 daAuts
     D:7: 898 daAuts
  Lair:1: 865 daAuts
  Lair:4: 862 daAuts
     D:6: 858 daAuts
    D:10: 846 daAuts
     D:1: 816 daAuts
     D:4: 800 daAuts
  Lair:5: 790 daAuts
  Lair:2: 699 daAuts
     D:5: 693 daAuts
    D:11: 678 daAuts
